 Dungeon Crawl Stone Soup version 0.26-a0-812-g31a745ddcd (webtiles) character file.

Game seed: 5759568430618461681

289 funkygono the Covert (level 6, -1/53 HPs)
             Began as a Gnoll Delver on Nov 21, 2020.
             Was a Follower of Sif Muna.
             Killed by divine providence
             ... invoked by an orc priest
              (14 damage)
             ... on level 4 of the Dungeon.
             The game lasted 00:06:14 (3078 turns).

funkygono the Covert (Gnoll Delver)                 Turns: 3078, Time: 00:06:15

Health: -1/53      AC:  4    Str: 15    XL:     6   Next: 31%
Magic:  8/8        EV: 15    Int: 14    God:    Sif Muna [*.....]
Gold:   180        SH:  0    Dex: 16    Spells: 7/8 levels left

rFire    . . .     SeeInvis .   a - +1 mace
rCold    . . .     Faith    .   (no shield)
rNeg     . . .     Spirit   .   b - +0 leather armour
rPois    .         Reflect  .   (no helmet)
rElec    .         Harm     .   (no cloak)
rCorr    .         Rampage  .   m - +0 pair of gloves
MR       .....                  (no boots)
Stlth    ++++......             (no amulet)
HPRegen  0.17/turn              (no ring)
MPRegen  0.11/turn              (no ring)

@: no status effects
A: distributed training, fangs 1, strong nose
a: Channel Magic, Renounce Religion


You were on level 4 of the Dungeon.
You worshipped Sif Muna.
Sif Muna was aware of your devotion.
You visited 1 branch of the dungeon, and saw 5 of its levels.

You collected 180 gold pieces.

Inventory:

Hand Weapons
 a - a +1 mace (weapon)
 q - a +1 dagger of draining
Missiles
 i - 81 bolts
 j - 25 arrows
Armour
 b - a +0 leather armour (worn)
 m - a +0 pair of gloves (worn)
Wands
 g - a wand of digging (3)
Scrolls
 c - a scroll of fog
 d - a scroll of magic mapping
 e - a scroll of fear
 h - 2 scrolls of amnesia
 k - 2 scrolls of remove curse
 n - a scroll of teleportation
Potions
 f - 2 potions of haste
 l - a potion of curing
 o - 2 potions of heal wounds
 p - a potion of magic {unknown}


   Skills:
 + Level 6.8 Fighting
 + Level 1.9 Short Blades
 + Level 1.9 Long Blades
 + Level 1.9 Axes
 + Level 4.9 Maces & Flails
 + Level 1.9 Polearms
 + Level 1.9 Staves
 + Level 1.9 Slings
 + Level 1.9 Bows
 + Level 1.9 Crossbows
 + Level 1.9 Throwing
 + Level 1.9 Armour
 + Level 4.9 Dodging
 + Level 9.7 Stealth
 + Level 1.9 Shields
 + Level 1.9 Unarmed Combat
 + Level 1.9 Spellcasting
 + Level 1.5 Conjurations
 + Level 1.5 Hexes
 + Level 1.5 Summonings
 + Level 1.5 Necromancy
 + Level 1.5 Translocations
 + Level 1.5 Transmutations
 + Level 1.5 Fire Magic
 + Level 1.5 Ice Magic
 + Level 1.5 Air Magic
 + Level 1.5 Earth Magic
 + Level 1.5 Poison Magic
 + Level 2.1 Invocations
 + Level 1.9 Evocations


You had 7 spell levels left.
You knew the following spells:

 Your Spells              Type           Power        Failure   Level
a - Corona                Hex            #......      16%         1

Your spell library contained the following spells:

 Spells                   Type           Power        Failure   Level
 Ensorcelled Hibernation  Hex/Ice        #.....       24%         2
 Confusing Touch          Hex            #.......     43%         3
 Dazzling Flash           Conj/Hex       #.....       43%         3
 Tukima's Dance           Hex            #.......     43%         3


Dungeon Overview and Level Annotations

Branches:
Dungeon (5/15)
 Temple: D:4-7

Altars:
Hepliaklqana
Sif Muna
Xom
Zin


Innate Abilities, Weirdness & Mutations

Your experience applies equally to all skills.
You have very sharp teeth.
Your uncanny sense of smell can sniff out nearby items.


Message History

The orc priest hits you but does no damage.
You closely miss the orc priest.
The orc priest is moderately wounded.
The orc priest closely misses you.
You closely miss the orc priest.
The orc priest is moderately wounded.
The orc priest invokes the aid of Beogh against you.
Beogh smites you!
You barely miss the orc priest.
The orc priest is moderately wounded.
The orc priest hits you with a +0 club.
* * * LOW HITPOINT WARNING * * *
You closely miss the orc priest. Your bite misses the orc priest.
The orc priest is moderately wounded.
The orc priest closely misses you.
You closely miss the orc priest. Your bite misses the orc priest.
The orc priest is moderately wounded.
The orc priest mumbles some strange prayers to Beogh against you.
Beogh smites you!
You die...

.. #.##.#..######## #.
#.##.#.........#
.####.##.##.#....(.....
.......#<##.#..........
o.........#..........#.
o.o...{................
.####.#o..#####......#.
#.##.######........ #
#..)@o..######..
#######.# #.# #.# #.# ∆
#.# #.# #.# #.#


You could see an orc priest.

Vanquished Creatures
  3 orc wizards
  Natasha (thrice) (D:2)
  2 gnolls (D:1)
  4 adders (D:2)
  An ooze (D:1)
  3 worms
  A leopard gecko (D:2)
  8 orcs
  3 giant cockroaches
  6 goblins
  6 hobgoblins
  A quokka (D:3)
  A ball python (D:3)
  7 bats
  A frilled lizard (D:1)
  9 kobolds
  7 rats
66 creatures vanquished.

Notes
Turn   | Place    | Note
-------+----------+-------------------------------------------
     0 | D:5      | Reached skill level 9 in Stealth
     0 | D:5      | funkygono the Gnoll Delver began the quest for the Orb.
     0 | D:5      | Reached XP level 1. HP: 23/23 MP: 1/1
   205 | D:3      | Found a glowing silver altar of Zin.
   209 | D:3      | Found a shimmering blue altar of Sif Muna.
   209 | D:3      | Found a shimmering altar of Xom.
   221 | D:3      | Became a worshipper of Sif Muna the Loreminder
   272 | D:3      | Reached XP level 2. HP: 25/29 MP: 2/2
   721 | D:1      | Reached XP level 3. HP: 35/35 MP: 3/3
   875 | D:1      | Reached skill level 1 in Invocations
  1221 | D:1      | Reached skill level 1 in Short Blades
  1221 | D:1      | Reached skill level 1 in Long Blades
  1221 | D:1      | Reached skill level 1 in Axes
  1221 | D:1      | Reached skill level 1 in Polearms
  1221 | D:1      | Reached skill level 1 in Staves
  1221 | D:1      | Reached skill level 1 in Slings
  1221 | D:1      | Reached skill level 1 in Bows
  1221 | D:1      | Reached skill level 1 in Crossbows
  1221 | D:1      | Reached skill level 1 in Throwing
  1221 | D:1      | Reached skill level 1 in Armour
  1221 | D:1      | Reached skill level 1 in Shields
  1221 | D:1      | Reached skill level 1 in Unarmed Combat
  1221 | D:1      | Reached skill level 1 in Spellcasting
  1221 | D:1      | Reached skill level 1 in Evocations
  1440 | D:2      | Noticed Natasha
  1489 | D:2      | Killed Natasha
  1489 | D:2      | Reached XP level 4. HP: 20/41 MP: 5/5
  1499 | D:2      | Noticed Natasha
  1516 | D:2      | Killed Natasha
  1516 | D:2      | Reached skill level 1 in Conjurations
  1516 | D:2      | Reached skill level 1 in Hexes
  1516 | D:2      | Reached skill level 1 in Summonings
  1516 | D:2      | Reached skill level 1 in Necromancy
  1516 | D:2      | Reached skill level 1 in Translocations
  1516 | D:2      | Reached skill level 1 in Transmutations
  1516 | D:2      | Reached skill level 1 in Fire Magic
  1516 | D:2      | Reached skill level 1 in Ice Magic
  1516 | D:2      | Reached skill level 1 in Air Magic
  1516 | D:2      | Reached skill level 1 in Earth Magic
  1516 | D:2      | Reached skill level 1 in Poison Magic
  1649 | D:2      | Reached XP level 5. HP: 40/47 MP: 6/6
  1806 | D:2      | Found a hazy altar of Hepliaklqana.
  1866 | D:2      | Reached * piety under Sif Muna
  2116 | D:2      | Noticed Natasha
  2161 | D:2      | Killed Natasha
  2482 | D:2      | Learned a level 1 spell: Corona
  2574 | D:3      | Reached XP level 6. HP: 43/53 MP: 6/8
  3078 | D:4      | Killed from afar by an orc priest

Illustrated notes

Levels and vault maps discovered:
D:1:      heliophobic_arrival_ceremonial_halls, layout_loops_ring
D:2:      layout_basic, marbit_many_paths, uniq_natasha
D:3:      layout_loops_cross, gammafunk_temple_overflow_forgotten
D:4:      layout_loops_ring, okawaru_metal_pillars_1_2, fedhas_altar_fruit_tree,
          serial_glass, glass_columns_a, glass_columns_a, uniq_ijyb,
          uniq_crazy_yiuf_cottage
D:5:      layout_loops_ring, minmay_temple_entry_stoned_glass, corexii_shack,
          hex_tiny, st_stairs_14, minivault_4, nicolae_qazlal_general_emergency,
          uniq_eustachio, uniq_sigmund, uniq_menkaure

Skill      XL: |  1  2  3  4  5 |
---------------+----------------+-----
Stealth        | |  9.7
Invocations    | 1 2 |  2.1
Short Blades   | 1 |  1.9
Long Blades    | 1 |  1.9
Axes           | 1 |  1.9
Polearms       | 1 |  1.9
Staves         | 1 |  1.9
Slings         | 1 |  1.9
Bows           | 1 |  1.9
Crossbows      | 1 |  1.9
Throwing       | 1 |  1.9
Armour         | 1 |  1.9
Shields        | 1 |  1.9
Unarmed Combat | 1 |  1.9
Spellcasting   | 1 |  1.9
Evocations     | 1 |  1.9
Conjurations   | 1 |  1.5
Hexes          | 1 |  1.5
Summonings     | 1 |  1.5
Necromancy     | 1 |  1.5
Translocations | 1 |  1.5
Transmutations | 1 |  1.5
Fire Magic     | 1 |  1.5
Ice Magic      | 1 |  1.5
Air Magic      | 1 |  1.5
Earth Magic    | 1 |  1.5
Poison Magic   | 1 |  1.5
Fighting       | |  6.8
Maces & Flails | |  4.9
Dodging        | |  4.9

Action                   |  1- 3 |  4- 6 || total
-------------------------+-------+-------++-------
Melee: Mace              |   101 |   138 ||   239
       Bite              |     8 |    14 ||    22
       Punch             |     1 |     1 ||     2
 Cast: Corona            |       |     7 ||     7
  Use: Scroll            |     4 |     3 ||     7
       Potion            |       |     2 ||     2
 Stab: Sleeping          |    15 |     5 ||    20
Armor: Leather armour    |    24 |    23 ||    47
Dodge: Dodged            |   101 |    96 ||   197

Table legend: (Time is in decaauts)
 A = Elapsed time spent in this place.
 B = Non-inter-level travel time spent in this place.
 C = Inter-level travel time spent in this place.
 D = Time resting spent in this place.
 E = Time spent auto-exploring this place.
 F = Levels seen in this place.
 G = Mean time per level.
                   A        B        C        D        E       F      G
               +--------+--------+--------+--------+--------+-----+--------+
         Total |   3129 |   2996 |    133 |      0 |   2203 |   5 |  625.8 |
       Dungeon |   3129 |   2996 |    133 |      0 |   2203 |   5 |  625.8 |
               +--------+--------+--------+--------+--------+-----+--------+

Top non-repeatable levels by time:
     D:2: 1257 daAuts
     D:3: 959 daAuts
     D:1: 800 daAuts
     D:4: 103 daAuts
     D:5: 9 daAuts
